 Dungeon Crawl Stone Soup version 0.27.0-1-g7a089689b8 (webtiles) character file.

Game seed: 17498695916016285169

174 Descartes the Shield-Bearer (level 5, -1/61 HPs)
             Began as a Formicid Fighter on Aug 2, 2021.
             Was an Initiate of Gozag.
             Slain by a water moccasin (4 damage)
             ... on level 4 of the Dungeon.
             The game lasted 00:03:29 (3294 turns).

Descartes the Shield-Bearer (Formicid Fighter)      Turns: 3294, Time: 00:03:30

Health: -1/61      AC: 22    Str: 18    XL:     5   Next: 84%
Magic:  5/5        EV:  2    Int:  9    God:    Gozag
Gold:   168        SH: 10    Dex: 10    Spells: 4/4 levels left

rFire    . . .     SeeInvis .   a - +0 war axe
rCold    . . .     Faith    .   c - +0 kite shield
rNeg     + + +     Spirit   .   (armour currently unavailable)
rPois    +         Reflect  .   (helmet unavailable)
rElec    .         Harm     .   (cloak currently unavailable)
rCorr    .         Rampage  .   (gloves currently unavailable)
Will     .....                  (boots currently unavailable)
Stlth    +.........             (no amulet)
HPRegen  0.20/turn              (no ring)
MPRegen  0.09/turn              (no ring)

@: mighty, tree-form, attractive
A: stationary, stasis, torment immunity, boosted hp, permanent stasis, dig
shafts and tunnels, (antennae 3), four strong arms, (iridescent scales 1),
deterioration 1, weak 1
a: Renounce Religion, Potion Petition, Call Merchant, Bribe Branch


You were on level 4 of the Dungeon.
You worshipped Gozag.
Gozag was aware of your devotion.
You were a tree.
You visited 1 branch of the dungeon, and saw 4 of its levels.

You collected 191 gold pieces.
You paid 23 gold pieces to Gozag.

Inventory:

Hand Weapons
 a - a +0 war axe (weapon)
Missiles
 e - 6 boomerangs
 f - 142 stones
Armour
 b - a +0 scale mail (melded)
 c - a +0 kite shield (worn)
Jewellery
 o - a ring of willpower
Wands
 i - a wand of iceblast (9)
Scrolls
 g - 5 scrolls of identify {unknown}
 k - a scroll of fog {unknown}
 l - a scroll of torment {unknown}
 m - a scroll of noise {unknown}
Potions
 d - a potion of might
 h - a potion of lignification


   Skills:
 - Level 3.2 Fighting
 - Level 2.0 Axes
 - Level 3.2 Armour
 + Level 7.3 Shields


You had 4 spell levels left.
You didn't know any spells.
Your spell library contained the following spells:

 Spells                   Type           Power      Damage    Failure   Level
 Shock                    Conj/Air       0%         1d3       50%         1
 Airstrike                Air            0%         N/A       99%         4
 Swiftness                Air            Unusable   N/A       N/A         3

Dungeon Overview and Level Annotations

Branches:
Dungeon (4/15)
 Temple: D:4-7

Altars:
Elyvilon
Fedhas
Gozag
Qazlal
Xom
Yredelemnul


Innate Abilities, Weirdness & Mutations

You are a tree.
Your roots penetrate the ground, keeping you stationary.
You cannot be teleported.
You are immune to unholy pain and torment.
Your maximum health is greatly increased.
Your equipment is partially melded.
You cannot be hasted, slowed, berserked, paralysed or teleported.
You can dig through walls and to a lower floor.
((You have a pair of large antennae on your head. (SInv)))
Your four strong arms can wield two-handed weapons with a shield.
((You are partially covered in iridescent scales. (AC +2)))
Your body sometimes deteriorates upon taking damage.
You are weak. (Str -2)


Message History

You are too injured to fight recklessly!
You are too injured to fight recklessly!
You are too injured to fight recklessly!
You closely miss the water moccasin.
The water moccasin is lightly wounded.
You feel sick. The water moccasin bites you.
* * * LOW HITPOINT WARNING * * *
You block the water moccasin's attack.
You closely miss the water moccasin.
The water moccasin is lightly wounded.
You feel sick.
You block the water moccasin's attack. x2
You feel very mighty all of a sudden.
You feel sick.
The water moccasin bites you but does no damage.
A goblin comes into view. It is wielding a +0 club.
The goblin shouts!
You hit the water moccasin.
The water moccasin is lightly wounded.
You feel sick.
You are no longer poisoned.
You block the water moccasin's attack. The water moccasin closely misses you.
You closely miss the water moccasin.
The water moccasin is lightly wounded.
The water moccasin bites you!
* * * LOW HITPOINT WARNING * * *
You block the water moccasin's attack.
It was a potion of lignification.
You turn into a tree.
Your +0 scale mail melds into your body.
Your roots penetrate the ground.
The water moccasin bites you but does no damage. x2
It was a potion of attraction.
You feel attractive to monsters.
The water moccasin bites you but does no damage.
The goblin is pulled toward you!
It was a potion of mutation.
You feel extremely strange.
You feel yourself wasting away.
You feel weaker.
Iridescent scales grow over part of your body.
The water moccasin bites you.
You die...
Your body crumbles into a pile of gold.

........# #8# ..#.
##......# ... #...
##.......# ...
#...##........# ...
.#...#....[....# #8#
...............#########
........................
.......g...........)....
......S♣.?..............
........$...............
........................
#......................>
##..............<.....#.
...(..................'.
....###################.
.... #. #.


You could see a water moccasin and a goblin.

Vanquished Creatures
  A water moccasin skeleton (D:3)
  An iguana (D:2)
  An adder (D:3)
  A gnoll (D:1)
  A worm (D:2)
  2 dart slugs
  An orc (D:3)
  7 bats
  8 endoplasms
  2 giant cockroaches (D:3)
  7 hobgoblins
  4 jackals
  11 kobolds
  A quokka (D:1)
  7 ball pythons
  4 frilled lizards
  5 goblins
  4 rats
68 creatures vanquished.

Notes
Turn   | Place    | Note
-------+----------+-------------------------------------------
     0 | D:1      | Descartes the Formicid Fighter began the quest for the Orb.
     0 | D:1      | Reached XP level 1. HP: 18/18 MP: 1/1
   136 | D:1      | Reached skill level 4 in Shields
   136 | D:1      | Reached XP level 2. HP: 24/24 MP: 2/2
   248 | D:1      | Reached XP level 3. HP: 29/29 MP: 3/3
   369 | D:1      | Reached skill level 5 in Shields
  1392 | D:2      | Reached XP level 4. HP: 35/35 MP: 4/4
  1566 | D:2      | Reached skill level 6 in Shields
  2123 | D:3      | Found a faded altar of an unknown god.
  2254 | D:3      | Found a white marble altar of Elyvilon.
  2255 | D:3      | Found a basalt altar of Yredelemnul.
  2256 | D:3      | Found a shimmering altar of Xom.
  2256 | D:3      | Found a blossoming altar of Fedhas.
  2266 | D:3      | Reached XP level 5. HP: 34/41 MP: 5/5
  2270 | D:3      | Found an opulent altar of Gozag.
  2333 | D:3      | Found a stormy altar of Qazlal.
  2338 | D:3      | Became a worshipper of Gozag Ym Sagoz the Greedy
  2721 | D:3      | Reached skill level 7 in Shields
  3277 | D:4      | Noticed a water moccasin
  3291 | D:4      | HP: 1/41 [water moccasin (7)]
  3294 | D:4      | Gained mutation: Your body sometimes deteriorates upon
                  | taking damage. [potion of mutation]
  3294 | D:4      | Gained mutation: You are weak. (Str -2) [potion of
                  | mutation]
  3294 | D:4      | Gained mutation: You are partially covered in iridescent
                  | scales. (AC +2) [potion of mutation]
  3294 | D:4      | Slain by a water moccasin

Illustrated notes

Levels and vault maps discovered:
D:1:      psy_arrival_statuary, layout_loops_ring, serial_glass,
          glass_columns_a, glass_columns_c, glass_columns_a, glass_columns_a,
          glass_columns_b, glass_columns_b, minmay_misc_feat_x
D:2:      layout_loops_corners
D:3:      layout_loops_ring, grunt_temple_overflow_open,
          hellmonk_ecumenical_altar_slurped_away, chequers_hall_statues_wall_a
D:4:      layout_basic, minmay_temple_entry_waves, serial_corexii_hall,
          corexii_hall_statues_t, corexii_hall_statues_t,
          corexii_hall_statues_l, chequers_hall_statues_y

Skill      XL: |  1  2  3  4  5 |
---------------+----------------+-----
Shields        | 4 5 6 7 |  7.3
Fighting       | |  3.2
Axes           | |  2.0
Armour         | |  3.2

Action                   |  1- 3 |  4- 6 || total
-------------------------+-------+-------++-------
Melee: War axe           |    71 |   132 ||   203
  Use: Potion            |       |     4 ||     4
Armor: Scale mail        |    30 |    41 ||    71
       Skin              |       |     3 ||     3
Dodge: Dodged            |    25 |    47 ||    72
Block: Kite shield       |    42 |    83 ||   125
